Match 39296348
Unlisted

Match 39296348
End
Pioneer Squad
Construct Infanterie Kompanie
Grenadier Squad
Selects Breakthrough Battlegroup
Selects Assault Grenadiers
MG 42 Machine Gun Team
Grenadier Squad
Medical Station
Grenadier Squad
Construct Panzergrenadier Kompanie
Pak 40 Anti-tank Gun Team
MG 42 Machine Gun Team
Grenadier Squad
Selects Rapid Production
Construct Panzer Kompanie
Stoßtruppen Squad
Sturmpanzer IV Brummbär
Stoßtruppen Squad
Pioneer Squad
Selects Blitzkrieg
Selects Tiger Heavy Tank
Tiger Heavy Tank
Belisarivs
sword_crusher
0
0

Comments sign in to comment!

No comments posted yet!